 Dungeon Crawl Stone Soup version 0.30-a0-1085-g990a428a5c (webtiles) character file.

Game seed: 7411431859459785516

20650 olmar the Basher (level 12, 0/111 HPs)
             Began as an Armataur Fighter on Apr 17, 2023.
             Was an Initiate of Gozag.
             Succumbed to a green ugly thing's poison
             ... on level 12 of the Dungeon.
             The game lasted 00:21:44 (12920 turns).

olmar the Basher (Armataur Fighter)                Turns: 12920, Time: 00:21:45

Health: 0/111      AC: 21    Str: 33    XL:     12   Next: 47%
Magic:  12/12      EV:  8    Int:  9    God:    Gozag
Gold:   2135       SH:  5    Dex:  9    Spells: 11/11 levels left

rFire   + . .      SeeInvis .    F - +4 dire flail (protect)
rCold   . . .      Faith    .    (shield currently unavailable)
rNeg    . . .      Spirit   .    b - +1 scale mail
rPois   .          Reflect  +    t - +1 helmet
rElec   .          Roll     +    (no cloak)
rCorr   .                        C - +0 pair of gloves
Will    .....                    (no barding) Stlth
                                 v - amulet of reflection
HPRegen 0.38/turn                r - +6 ring of strength
MPRegen 0.13/turn                G - ring of protection from fire

@: lethally poisoned (0 -> -36), gold aura, under a protective aura
A: large, rugged brown scales 3, deformed body, armoured tail, roll, long
tongue, awkward tongue
a: Renounce Religion, Potion Petition, Call Merchant, Bribe Branch


You were on level 12 of the Dungeon.
You worshipped Gozag.
Gozag was most pleased with you.
You visited 2 branches of the dungeon, and saw 15 of its levels.

You collected 2509 gold pieces.
You spent 224 gold pieces at shops.
You paid 150 gold pieces to Gozag.

Inventory:

Hand Weapons
 a - a +0 flail
 j - a +1 heavy halberd
 o - a +3 dire flail
 u - a +5 club
 y - a +1 whip of flaming
 F - a +4 dire flail of protection (weapon)
Missiles
 N - 2 throwing nets (quivered)
Armour
 b - a +1 scale mail (worn)
 c - a +0 buckler
 m - a +0 chain mail
 t - a +1 helmet (worn)
 z - the +1 robe "Niofarph" {rCorr Dex+3}
   (You found it on level 4 of the Dungeon)

   Dex:       It affects your dexterity (+3).
   rCorr:     It protects you from acid and corrosion.
 C - a +0 pair of gloves (worn)
Jewellery
 r - a +6 ring of strength (left hand)
 v - an amulet of reflection (around neck)
 B - a ring of resist corrosion
 E - an amulet of guardian spirit
 G - a ring of protection from fire (right hand)
 H - an amulet of magic regeneration
 M - an amulet of regeneration
 Q - a +6 ring of intelligence
Wands
 s - a wand of charming (7)
 A - a wand of iceblast (9)
 J - a wand of flame (24)
Scrolls
 d - 2 scrolls of noise
 e - 3 scrolls of teleportation
 g - a scroll of silence
 h - 4 scrolls of magic mapping
 k - 5 scrolls of enchant armour
 l - 3 scrolls of fog
 w - a scroll of acquirement {unknown}
 x - 4 scrolls of poison
 K - 3 scrolls of identify
 L - a scroll of amnesia {unknown}
 O - a scroll of brand weapon {unknown}
 P - a scroll of torment {unknown}
 R - 4 scrolls of fear {unknown}
 S - a scroll of vulnerability {unknown}
Potions
 f - 2 potions of heal wounds
 i - 2 potions of ambrosia
 n - 4 potions of flight
 p - a potion of cancellation
 q - 8 potions of curing
 D - a potion of brilliance {unknown}
 I - a potion of mutation {unknown}
 T - a potion of resistance


   Skills:
 + Level 9.0 Fighting
 + Level 13.7 Maces & Flails
 + Level 0.2 Throwing
 + Level 12.0 Armour
 - Level 5.9 Shields
 + Level 4.5 Evocations


You had 11 spell levels left.
You didn't know any spells.
Your spell library contained the following spells:

 Spells                   Type           Power      Damage    Failure   Level
 Sandblast                Erth           0%         2d4       56%         1
 Passwall                 Tmut/Erth      0%         N/A       71%         2
 Stone Arrow              Conj/Erth      0%         3d7       90%         3


Dungeon Overview and Level Annotations

Branches:
Dungeon (14/15)            Temple (1/1) D:7            Lair (0/5) D:8
    Orc (0/2) D:9
 Vaults: D:13-14

Altars:
Ashenzari
Cheibriados
Dithmenos
Elyvilon
Fedhas
Gozag
Hepliaklqana
Kikubaaqudgha
Makhleb
Nemelex Xobeh
Okawaru
Qazlal
Ru
Sif Muna
Trog
Uskayaw
Vehumet
Wu Jian
Xom
Yredelemnul
Zin
The Shining One

Shops:
D:4 *(!*   D:5 :   D:6 ![[[[

Annotations:
D:7 3 runed translucent doors, Heh's ghost, novice OpHW; quinnr's ghost, novice VSAE; roninjake's ghost, novice DsFi
D:8 2 runed translucent doors, exclusion: orange crystal statue
D:9 3 runed translucent doors, superbruh's ghost, novice MiFi


Innate Abilities, Weirdness & Mutations

You are completely covered in rugged brown scales. (AC +3, +7% HP)
Armour fits poorly on your strangely shaped body.
You have a long armoured tail.
You roll when moving toward enemies. (Rampage)
Your long tongue fully drains potion bottles. (2x potion effects)
Your tongue gives you trouble enunciating. (1.5x scroll delay)


Message History

You thump the green ugly thing!
Your tail-slap misses the green ugly thing.
The green ugly thing is almost dead.
You feel extremely sick. The green ugly thing gores you!
Unknown command.
You thump the green ugly thing!
The green ugly thing is almost dead.
You feel very sick.
Unknown command.
You closely miss the green ugly thing.
The green ugly thing is almost dead.
You feel very sick. The green ugly thing gores you!
You are lethally poisoned!
The green ugly thing poisons you!
Unknown command.
You puncture the green ugly thing!
You kill the green ugly thing!
* * * LOW HITPOINT WARNING * * *
You feel extremely sick.
Unknown command.
Aiming: Throw Flame
Press: ? - help, Shift-Dir - straight line, f - you That beam is likely to hit you.
Continue anyway?
Okay, then.
Unknown command.
There is a lethal amount of poison in your body!
Keep disrobing? [Y]es or [N]o only, please.
Keep disrobing?
* * * LOW HITPOINT WARNING * * *
You feel extremely sick.
You start removing your amulet.
You continue taking off your amulet of reflection.
* * * LOW HITPOINT WARNING * * *
You feel extremely sick.
You continue taking off your amulet of reflection.
You die...
Your body crumbles into a pile of gold.

# # # ########## #########
### #........# ###........
..# #........# #.$........
#.# #........####$#........
#.# #........##.@.#........
#.###........##.###........
#..##...<....#..# #........
##.##........'.## #........
#..'........### #.........
####........# ########.
###(####### ... #.......#
###.##### #######'###
#.......#


There were no monsters in sight!

Vanquished Creatures
  A centaur warrior (D:10)
  Erica (D:9)
  3 two-headed ogres
  2 boulder beetles
  An ugly thing (D:12)
  2 cyclopes (D:12)
  Maurice (D:9)
  Joseph (D:9)
  A komodo dragon (D:8)
  4 trolls
  A wolf spider simulacrum (D:14)
  Grinder (D:4)
  Prince Ribbit (D:9)
  A hornet (D:7)
  A water elemental (D:14)
  2 wyverns (D:8)
  A wraith (D:12)
  A shadow (D:11)
  30 yaks
  3 steam dragons
  4 vampire mosquitoes (D:11)
  Edmund (D:4)
  An acid dragon (D:11)
  4 water moccasins
  10 orc warriors
  3 ice beasts
  2 sky beasts
  4 ogres
  8 centaurs
  2 phantoms (D:6)
  7 kobold brigands
  3 gnoll sergeants
  5 bullfrogs
  6 scorpions
  9 wights
  3 killer bees (D:7)
  3 howler monkeys
  An electric eel (D:14)
  A hound (D:5)
  10 orc priests
  4 jellies
  12 orc wizards
  Ijyb (D:4)
  5 iguanas
  2 sleepcaps
  2 human simulacra (D:9)
  11 gnolls
  5 adders
  4 white imps
  3 ufetubi
  2 worms
  A dart slug (D:4)
  29 orcs
  3 ball pythons
  5 endoplasms
  5 giant cockroaches
  5 goblins
  8 hobgoblins
  3 bats
  A frilled lizard (D:3)
  28 kobolds
  2 rats (D:1)
287 creatures vanquished.

Vanquished Creatures (collateral kills)
  Pikel (D:4)
  An orc warrior (D:7)
  A killer bee (D:8)
3 creatures vanquished.

Vanquished Creatures (others)
  A water moccasin (D:8)
  5 fungi (D:8)
  6 plants (D:8)
12 creatures vanquished.

Grand Total: 302 creatures vanquished

Notes
Turn   | Place    | Note
-------+----------+-------------------------------------------
     0 | D:1      | olmar the Armataur Fighter began the quest for the Orb.
     0 | D:1      | Reached XP level 1. HP: 19/19 MP: 1/1
   120 | D:1      | Reached XP level 2. HP: 26/26 MP: 2/2
   578 | D:1      | Reached skill level 2 in Maces & Flails
  1125 | D:2      | Reached XP level 3. HP: 33/33 MP: 3/3
  1536 | D:2      | Found a faded altar of an unknown god.
  2310 | D:4      | Found Zothrixze's Assorted Antiques.
  2459 | D:4      | Reached XP level 4. HP: 4/40 MP: 4/4
  2649 | D:4      | Found Futt's Distillery.
  2658 | D:4      | Bought 2 potions of curing for 84 gold pieces
  2658 | D:4      | Bought a potion of haste for 140 gold pieces
  2730 | D:4      | Found Reessugo's Weapon Emporium.
  2768 | D:4      | Noticed Ijyb
  2788 | D:4      | Killed Ijyb
  2883 | D:4      | Reached skill level 5 in Armour
  2893 | D:4      | Noticed a scorpion
  2910 | D:4      | Noticed Pikel
  2910 | D:4      | Noticed a lemure
  2910 | D:4      | Noticed a lemure
  2910 | D:4      | Noticed a lemure
  2910 | D:4      | Noticed a lemure
  2933 | D:4      | Killed Pikel
  2934 | D:4      | Reached skill level 4 in Maces & Flails
  2934 | D:4      | Reached XP level 5. HP: 36/49 MP: 5/5
  2934 | D:4      | Reached XP level 6. HP: 40/55 MP: 6/6
  2934 | D:4      | Reached XP level 7. HP: 45/62 MP: 7/7
  3053 | D:4      | Identified the +1 robe "Niofarph" {rCorr Dex+3}
  3092 | D:4      | Found Udoituih's Assorted Antiques.
  3097 | D:4      | Noticed Grinder
  3113 | D:4      | Killed Grinder
  3201 | D:4      | Noticed Edmund
  3223 | D:5      | Entered Level 5 of the Dungeon
  3241 | D:5      | Reached skill level 5 in Maces & Flails
  3346 | D:5      | Found a faded altar of an unknown god.
  3346 | D:5      | Found a broken altar of Ashenzari.
  3364 | D:5      | Found a faded altar of an unknown god.
  3380 | D:5      | Found a white marble altar of Elyvilon.
  3382 | D:5      | Found a glowing golden altar of the Shining One.
  3451 | D:5      | Reached XP level 8. HP: 70/70 MP: 8/8
  3887 | D:5      | Reached skill level 6 in Maces & Flails
  3901 | D:5      | Reached skill level 5 in Shields
  3905 | D:5      | Found a basalt altar of Yredelemnul.
  4129 | D:5      | Found Qeuzi's Tiny Tomes.
  4834 | D:6      | Found a snail-covered altar of Cheibriados.
  5040 | D:4      | Killed Edmund
  5041 | D:4      | Reached skill level 7 in Maces & Flails
  5041 | D:4      | Reached skill level 1 in Evocations
  5041 | D:4      | Reached XP level 9. HP: 62/74 MP: 9/9
  5090 | D:4      | Found a sacrificial altar of Ru.
  5402 | D:6      | Found Tiga Pyrgh's Antique Armour Shoppe.
  5495 | D:6      | Noticed a troll
  5540 | D:6      | Found Baom's Distillery.
  5695 | D:6      | Reached skill level 5 in Fighting
  5706 | D:6      | Found Lobbilor's Antique Armour Emporium.
  5708 | D:6      | Found Kecruxko's Armour Shop.
  5730 | D:6      | Found Yhisk's Antique Armour Boutique.
  6057 | D:7      | Found a staircase to the Ecumenical Temple.
  6075 | Temple   | Entered the Ecumenical Temple
  6120 | Temple   | Became a worshipper of Gozag Ym Sagoz the Greedy
  6183 | D:7      | Found a runed translucent gate.
  6183 | D:7      | Found a runed translucent gate.
  6184 | D:7      | Found a runed translucent gate.
  6185 | D:7      | Noticed roninjake's ghost (novice DsFi)
  6185 | D:7      | Noticed Heh's ghost (novice OpHW)
  6185 | D:7      | Noticed quinnr's ghost (novice VSAE)
  6229 | D:7      | Reached skill level 8 in Maces & Flails
  6420 | D:7      | Found a bloodstained altar of Trog.
  6603 | D:7      | Found a burning altar of Makhleb.
  6718 | D:8      | Reached skill level 9 in Maces & Flails
  6718 | D:8      | Reached skill level 10 in Armour
  6785 | D:8      | Noticed a troll
  6801 | D:8      | Killed a troll
  6802 | D:8      | Reached XP level 10. HP: 65/88 MP: 10/10
  7221 | D:8      | Found a runed translucent door.
  7227 | D:8      | Found the +10 tower shield of Ignorance {rN+ Int-4}
  7232 | D:8      | Noticed an orange crystal statue
  7293 | D:8      | Reached skill level 10 in Maces & Flails
  7474 | D:8      | Found a staircase to the Lair.
  7712 | D:8      | Found a runed translucent door.
  8228 | D:9      | Found a staircase to the Orcish Mines.
  8248 | D:9      | Reached skill level 11 in Maces & Flails
  8270 | D:9      | Reached XP level 11. HP: 45/98 MP: 11/11
  8608 | D:9      | Found a runed translucent gate.
  8608 | D:9      | Found a runed translucent gate.
  8608 | D:9      | Found a runed translucent gate.
  8637 | D:9      | Noticed Joseph
  8647 | D:9      | Killed Joseph
  8824 | D:9      | Noticed Maurice
  8831 | D:9      | Killed Maurice
  9180 | D:9      | Noticed Prince Ribbit
  9183 | D:9      | Found a hide-covered altar of Uskayaw.
  9190 | D:9      | Killed Prince Ribbit
  9270 | D:9      | Noticed Erica
  9290 | D:9      | Killed Erica
  9504 | D:9      | Noticed superbruh's ghost (novice MiFi)
  9669 | D:9      | Noticed a two-headed ogre
  9678 | D:9      | Killed a two-headed ogre
  9894 | D:10     | Entered Level 10 of the Dungeon
 10258 | D:10     | Reached skill level 12 in Maces & Flails
 10526 | D:10     | Noticed a centaur warrior
 11072 | D:10     | Killed a centaur warrior
 11210 | D:11     | Found a burning altar of Makhleb.
 11486 | D:11     | Reached XP level 12. HP: 103/110 MP: 12/12
 11521 | D:11     | Noticed a boulder beetle
 11536 | D:11     | Killed a boulder beetle
 11537 | D:11     | Reached skill level 13 in Maces & Flails
 11570 | D:11     | Noticed an Executioner
 12206 | D:12     | You fall into a shaft and drop 2 floors!
 12434 | D:12     | Noticed a two-headed ogre
 12441 | D:12     | Killed a two-headed ogre
 12509 | D:12     | Noticed a boulder beetle
 12546 | D:12     | Killed a boulder beetle
 12683 | D:12     | Noticed a two-headed ogre
 12693 | D:12     | Killed a two-headed ogre
 12920 | D:12     | Succumbed to a green ugly thing's poison

Illustrated notes

Levels and vault maps discovered:
D:1:      onia_arrival_handbag, layout_basic, minmay_misc_feat_x,
          kennysheep_nondescript
D:2:      layout_loops_ring, dreamdust_ecumenical_altar_hidden_monk_grotto
D:3:      layout_rooms, minmay_quadrilaterals
D:4:      layout_basic, nicolae_ru_the_path_less_chosen, serial_shops, shop,
          nicolae_shop_tiny_waterfront, nicolae_shop_pleasant_corner_grove,
          shop, uniq_pikel, uniq_grinder, uniq_edmund, uniq_ijyb
D:5:      layout_loops_ring, chequers_temple_overflow_minitemple,
          mainiacjoe_overflow_concentric_impassable,
          nicolae_shop_i_like_small_books_too, grunt_ministairs_14,
          dreamdust_princess_bridge
D:6:      layout_loops_ring, nicolae_overflow_crystal_walls, serial_shops, shop,
          shop_fountains, shop, shop_fountains, shop, lightli_corner_chamber
D:7:      layout_rooms, lemuel_crystal_altar, lightli_temple_of_fire,
          minmay_temple_entry_overgrown, gammafunk_ghost_cemetery
D:8:      cheibrodos_barr_body, layout_gridville,
          grunt_lair_entry_orc_guard_hut, chequers_guarded_unrand_ignorance
D:9:      layout_roguey, nicolae_uskayaw_dance_hall,
          kennysheep_orc_monster_closet_entryway, gammafunk_ghost_icy,
          serial_park_tiny_2, bh_circular_ruins, uniq_prince_ribbit1,
          uniq_maurice, uniq_joseph, uniq_erica
D:10:     layout_cave_pools
D:11:     layout_loops_ring, makhleb_altar_promises_db
D:12:     layout_roguey
D:13:     layout_grid_maze, david_vaults_5, argonaut_gorgonesque, uniq_frances,
          uniq_snorg
D:14:     minmay_the_grid_triangle_9x9_rhombus_thin
          [minmay_the_grid_triangle_9x9_shrine,
          minmay_the_grid_triangle_9x9_prize_insulated,
          minmay_the_grid_triangle_9x9_stretched_checkered,
          minmay_the_grid_triangle_9x9_thin_v], layout_basic,
          roderic_filled_cross
Temple:   nicolae_temple_god_jail

Skill      XL: |  1  2  3  4  5  6  7  8  9 10 11 12 |
---------------+-------------------------------------+-----
Fighting       | 3 4 5 7 8 9 |  9.0
Maces & Flails | 2 4 5 7 9 11 12 13 | 13.7
Armour         | 4 6 8 10 11 12 | 12.0
Shields        | 4 5 |  5.9
Evocations     | 1 2 3 4 |  4.5
Throwing       | |  0.2

Action                     |  1- 3 |  4- 6 |  7- 9 | 10-12 || total
---------------------------+-------+-------+-------+-------++-------
  Melee: Flail             |    99 |    20 |       |       ||   119
         Tailslap          |    13 |     3 |    31 |    83 ||   130
         Club              |       |    17 |       |       ||    17
         Whip              |       |       |   200 |       ||   200
         Dire flail        |       |       |    87 |   530 ||   617
  Throw: Throwing net      |       |       |       |     2 ||     2
  Evoke: Wand              |       |     2 |    22 |    45 ||    69
    Use: Scroll            |     5 |       |     5 |     6 ||    16
         Potion            |     1 |     4 |     2 |     3 ||    10
   Stab: Distracted        |       |       |     1 |     2 ||     3
         Held in net/web   |       |       |       |     3 ||     3
 Armour: Scale mail        |    49 |     7 |    98 |   237 ||   391
         Skin              |       |       |    25 |       ||    25
  Dodge: Dodged            |    35 |    13 |    64 |   132 ||   244
  Block: Buckler           |    13 |     4 |    68 |       ||    85
         Other             |       |       |    20 |    74 ||    94
         Reflection        |       |       |     1 |     4 ||     5

Table legend: (Time is in decaauts)
 A = Elapsed time spent in this place.
 B = Non-inter-level travel time spent in this place.
 C = Inter-level travel time spent in this place.
 D = Time resting spent in this place.
 E = Time spent auto-exploring this place.
 F = Levels seen in this place.
 G = Mean time per level.
                   A        B        C        D        E       F      G
               +--------+--------+--------+--------+--------+-----+--------+
         Total |  12770 |  12415 |    355 |   2386 |   7742 |  15 |  851.3 |
       Dungeon |  12707 |  12369 |    338 |   2386 |   7742 |  14 |  907.6 |
        Temple |     62 |     45 |     17 |      0 |      0 |   1 |   62.0 |
               +--------+--------+--------+--------+--------+-----+--------+

Top non-repeatable levels by time:
     D:9: 1815 daAuts
     D:8: 1550 daAuts
     D:4: 1378 daAuts
     D:6: 1307 daAuts
    D:11: 1233 daAuts
     D:5: 966 daAuts
     D:1: 924 daAuts
    D:10: 868 daAuts
     D:2: 725 daAuts
     D:3: 689 daAuts
     D:7: 607 daAuts
    D:12: 415 daAuts
    D:14: 217 daAuts
  Temple: 62 daAuts
    D:13: 7 daAuts
